Match 47062835
Unlisted

Match 47062835
End
Construct Section Command Post
Selects Canadian Shock Battlegroup
Infantry Section
ML 3-inch Mortar Team
Infantry Section
Infantry Section
Construct Platoon Command Post
Royal Engineer Section
Selects Offensive Resupply
Selects Canadian Shock Section
Humber Armored Car
6-pounder Anti-tank Gun Team
Selects Incendiary Munitions
Grenade Package
Canadian Shock Section
woof_raff
Maior Pizditzenkov
Friendly Mouse(Poxie)
Cheapshot
Merlouck
buiko17
0
0

Comments sign in to comment!

No comments posted yet!